 Dungeon Crawl Stone Soup version 0.29.1-2-gbd0b4ee654 (webtiles) character file.

Game seed: 2607340139101498695

4 xian the Sneak (level 1, -3/13 HPs)
             Began as a Deep Elf Delver on Nov 1, 2022.
             Slain by an orc
             ... wielding a +0 falchion
              (4 damage)
             ... on level 5 of the Dungeon.
             The game lasted 00:00:47 (90 turns).

xian the Sneak (Deep Elf Delver)                      Turns: 90, Time: 00:00:47

Health: -3/13      AC:  3    Str:  9    XL:     1   Next: 50%
Magic:  3/3        EV: 12    Int: 14    God:
Gold:   23         SH:  0    Dex: 16    Spells: 0/0 levels left

rFire   . . .      SeeInvis .   a - +0 short sword
rCold   . . .      Faith    .   (no shield)
rNeg    . . .      Spirit   .   b - +0 leather armour
rPois   .          Reflect  .   (no helmet)
rElec   .          Harm     .   (no cloak)
rCorr   .          Rampage  .   (no gloves)
Will    .....                   (no boots)
Stlth   +++.......              (no amulet)
HPRegen 0.04/turn               (no ring)
MPRegen 0.08/turn               (no ring)

@: no status effects
A: no striking features
a: no special abilities


You were on level 5 of the Dungeon.
You visited 1 branch of the dungeon, and saw 1 of its levels.

You collected 23 gold pieces.

Inventory:

Hand Weapons
 a - a +0 short sword (weapon)
Armour
 b - a +0 leather armour (worn)
Wands
 g - a wand of digging (3)
Scrolls
 c - a scroll of fog
 e - a scroll of fear
Potions
 f - a potion of haste


   Skills:
 + Level 2.4 Fighting
 + Level 2.0 Short Blades
 + Level 2.4 Dodging
 + Level 6.3 Stealth


You couldn't memorise any spells.
You didn't know any spells.
Your spell library contained the following spells:

 Spells                   Type           Power      Damage    Failure   Level
 Summon Small Mammal      Summ           0%         N/A       38%         1
 Call Canine Familiar     Summ           0%         N/A       77%         3
 Summon Guardian Golem    Hex/Summ       0%         N/A       77%         3


Dungeon Overview and Level Annotations

Branches:
Dungeon (5/15)
 Temple: D:4-7

Altars:


Message History

Orders for allies: a - Attack new target. r - Retreat! s - Stop attacking. g - Guard the area. f - Follow me.
Anything else - Cancel.
Okay, then.
Unknown command.
You barely miss the orc. The orc closely misses you.
The orc shouts!
You hit the orc.
The orc is moderately wounded.
The orc barely misses you.
You closely miss the orc.
The orc is moderately wounded.
The orc hits you with a +0 whip.
You closely miss the orc.
The orc is moderately wounded.
The orc closely misses you.
The orc shouts!
You hit the orc.
You kill the orc!
Unknown command.
You hit the orc.
The orc is heavily wounded.
The orc misses you.
You hit the orc.
The orc is heavily wounded.
The orc hits you with a +0 club.
You hit the orc.
You kill the orc!
You closely miss the orc. The orc hits you with a +0 falchion.
* * * LOW HITPOINT WARNING * * *
You closely miss the orc. The orc closely misses you.
You closely miss the orc. The orc barely misses you.
You hit the orc.
The orc is lightly wounded.
The orc misses you.
You closely miss the orc.
The orc is lightly wounded.
The orc hits you with a +0 falchion.
You die...

*,,,*,,,*#.......# #.#.######
*,>,*,∩,##..?....#####.#.##....
**,,,*,,,#........#.<...........
*+******#+.......##.###..###....
*,,** #......[.##.###..# ###..
**,,* ##.......##.##...# #.#
**,* #.......###.##.#.#***#.#
*,* #.#####o# #......#*,,... *,*
#,*####@######.###*,#.#. **,**
*,*#..........##***,....
**,,,****,*#.##.#####.#,,,*,*,*,
*,,,,,,,,,*#,*#.# #.#,*,,,,,,,
**,,,****,,,,,..# #.#,**,,*,*,
**,** *,,,,#### #.#,***,,,,, ***
****** #.#,*,,,,,,* #.#.*,,,**,*
#.#.**,,,,,,


You could see an orc.

Vanquished Creatures
  2 orcs (D:5)
2 creatures vanquished.

Notes
Turn   | Place    | Note
-------+----------+-------------------------------------------
     0 | D:5      | xian the Deep Elf Delver began the quest for the Orb.
     0 | D:5      | Reached XP level 1. HP: 13/13 MP: 3/3
    90 | D:5      | Slain by an orc

Illustrated notes

Levels and vault maps discovered:
D:5:      layout_loops_cross, overflow_temple_1_default,
          nicolae_ossuary_entry_false_entrances, serial_co_window_serial,
          co_window_paths_b, co_window_paths_a, co_window_paths_b,
          co_window_paths_b, co_window_corner_a, co_window_cross_1,
          co_window_unsneaky_path_b, co_window_paths_c, co_window_corner_b,
          co_window_2corner, glass_columns_b, glass_columns_b

Action                   || total
-------------------------++-------
Melee: Short sword       ||    13
  Use: Scroll            ||     1
Dodge: Dodged            ||     7
